Map: Thunderbird LE

Players

Mez

  • Race: Terran Terran
  • League: Master
  • Spawn Location: 5:00

Mark - Winner!

  • Race: Terran Terran
  • League: Master
  • Spawn Location: 11:00

VOD

Have the link to the VOD?

Description

Time

  • Played on: Aug. 5, 2019, 5:57 a.m.
  • Length: 15:03
Show
View Real Time Build Order
Export as new Build Order

Mez Terran 

Build Orders: Reaper Expand 

Get SALT Encoding   

  12  0:00  SCV  
  13  0:12  SCV  
  14  0:18  Supply Depot  
  14  0:25  SCV  
  15  0:39  SCV  
  15  0:40  Barracks  
  16  0:46  Refinery  
  16  0:51  SCV  
  17  1:03  SCV  
  18  1:16  SCV  
  19  1:28  Orbital Command  
  19  1:30  Reaper  
  20  1:40  Command Center  
  20  1:56  Supply Depot  
  20  2:08  SCV  
  21  2:20  Factory, SCV  
  22  2:24  Barracks Reactor, Refinery  
  22  2:32  SCV  
  23  2:45  SCV  
  24  2:57  SCV  
  25  3:00  Orbital Command  
  25  3:01  Marine x2  
  25  3:05  Factory Tech Lab  
  27  3:09  SCV  
  28  3:13  Command Center  
  28  3:20  Marine x2  
  28  3:21  SCV  
  28  3:26  Cyclone  
  34  3:32  SCV  
  35  3:36  SCV, Starport  
  35  3:40  Marine x2  
  38  3:46  SCV  
  40  3:48  SCV  
  40  3:52  Supply Depot  
  40  4:02  Cyclone, Marine x2  
  45  4:06  SCV  
  46  4:13  SCV  
  46  4:24  SCV  
  45  4:25  SCV  
  45  4:28  Supply Depot  
  45  4:30  Orbital Command  
  46  4:33  Starport Tech Lab  
  46  4:36  SCV  
  47  4:41  SCV  
  47  4:42  Factory Tech Lab  
  47  4:43  Raven  
  47  4:45  Marine x2  
  52  4:48  SCV  
  52  4:50  Barracks  
  52  4:51  Supply Depot  
  52  4:52  Engineering Bay  
  53  4:54  SCV  
  53  4:57  Refinery  
  53  4:58  Refinery  
  54  5:00  SCV x2  
  54  5:04  Marine x2  
  54  5:06  SCV  
  59  5:07  Siege Tank  
  59  5:12  SCV x2  
  64  5:18  SCV  
  64  5:19  Supply Depot  
  64  5:21  Terran Infantry Weapons Level 1  
  65  5:24  SCV x2  
  67  5:28  Orbital Command  
  67  5:30  Raven, SCV  
  70  5:36  SCV  
  70  5:42  Siege Tank, SCV  
  69  6:03  SCV x3  
  72  6:06  Barracks Tech Lab  
  72  6:11  Armory  
  72  6:12  Engineering Bay  
  72  6:15  SCV x3, Barracks x2  
  72  6:16  Barracks  
  75  6:19  Supply Depot  
  75  6:26  Starport Reactor  
  75  6:27  SCV x3, Barracks  
  75  6:28  Barracks  
  75  6:31  Barracks  
  77  6:37  Missile Turret  
  77  6:39  SCV x3  
  76  6:51  SCV  
  68  7:01  SCV x2  
  68  7:03  SCV  
  68  7:05  Missile Turret  
  68  7:06  Missile Turret, Marine x3  
  68  7:08  Cyclone  
  71  7:24  SCV x3, Marine  
  71  7:28  Missile Turret  
  71  7:33  Viking x2  
  66  7:37  Marine  
  66  7:39  Barracks Reactor x4  
  66  7:40  Barracks Reactor  
  66  7:41  Barracks Tech Lab  
  66  7:42  Marine  
  66  7:43  SCV x2  
  67  7:44  SCV  
  64  8:01  Cyclone  
  66  8:12  Marine x3  
  66  8:15  Missile Turret  
  66  8:16  SCV x2  
  68  8:32  SCV x3  
  70  8:35  Stimpack  
  70  8:41  Marine x8  
  70  8:42  Marine x4  
  70  8:46  Missile Turret  
  82  8:52  Missile Turret  
  82  8:53  SCV x3  
  85  9:05  SCV x2  
  85  9:06  SCV  
  88  9:13  Command Center  
  88  9:17  SCV x2  
  88  9:18  SCV, Barracks Tech Lab  
  91  9:29  SCV x2, Terran Infantry Weapons Level 2  
  93  9:41  Terran Infantry Armor Level 1  
  93  9:52  Refinery  
  93  9:57  Supply Depot  
  93  9:59  Supply Depot  
  93  10:00  Marine x3  
  93  10:01  SCV, Supply Depot  
  93  10:02  Marine  
  93  10:03  Marine  
  93  10:05  SCV, Marine  
  93  10:06  Marine x3  
  93  10:07  Marine x2  
  93  10:08  SCV, Marine  
  93  10:09  Marine x2  
  93  10:11  Viking x2  
  93  10:13  SCV  
  93  10:16  Cyclone  
  93  10:18  Marine  
  93  10:20  SCV, Marine  
  86  10:24  Marine x2  
  86  10:27  Marine  
  83  10:29  Marine x9  
  86  10:36  Marine  
  86  10:38  Marine  
  86  10:41  Viking x2  
  82  10:52  Marine x10  
  89  10:57  Command Center  
  86  11:05  SCV x2, Starport  
  86  11:10  Viking  
  90  11:15  Refinery  
  90  11:17  SCV x2  
  93  11:22  Orbital Command  
  93  11:24  Missile Turret  
  92  11:29  Missile Turret, SCV x2  
  92  11:32  Missile Turret  
  94  11:41  SCV x2  
  95  11:53  SCV  
  95  11:54  Missile Turret  
  85  12:11  Raven  
  85  12:12  Viking x2  
  85  12:15  SCV x3  
  93  12:18  Command Center  
  93  12:23  Missile Turret  
  93  12:27  SCV x3  
  93  12:28  Missile Turret  
  96  12:33  Refinery  
  96  12:36  Orbital Command  
  96  12:39  SCV x3  
  96  12:42  Viking  
  101  12:45  Marine x8  
  101  12:46  Marine  
  101  12:49  Missile Turret  
  110  12:54  SCV x3, Supply Depot  
  110  12:55  Supply Depot  
  113  13:00  Missile Turret  
  113  13:06  SCV x2  
  113  13:07  SCV x2  
  117  13:18  SCV  
  121  13:21  Viking x2, Raven  
  121  13:22  Marine  
  121  13:23  Marine x13  
  141  13:33  Starport  
  131  13:47  Marine x12  
  116  13:50  Marine x2  
  116  13:51  Viking x2  
  93  14:05  Marine x7  
  93  14:09  Marine x3  
  94  14:21  Viking x2  
  94  14:23  Marine  
  94  14:24  Marine x4  
Show
View Real Time Build Order
Export as new Build Order

Mark Terran - Winner!

Build Orders: Gas First Reaper Expand, Hellion Opening 

Get SALT Encoding   

  12  0:01  SCV  
  13  0:13  SCV  
  14  0:17  Supply Depot  
  14  0:25  SCV  
  15  0:29  Refinery  
  15  0:38  SCV  
  16  0:44  Barracks  
  16  0:50  SCV  
  17  1:03  SCV  
  18  1:15  SCV  
  19  1:30  Orbital Command  
  19  1:31  Reaper  
  20  1:45  Command Center  
  20  1:54  Factory  
  20  2:00  SCV  
  21  2:07  Barracks Reactor  
  20  2:17  SCV  
  21  2:25  Refinery, Supply Depot  
  21  2:29  SCV  
  22  2:41  SCV  
  23  2:45  Starport  
  23  2:49  Hellion x2  
  27  2:53  SCV  
  28  3:00  Orbital Command  
  28  3:06  SCV  
  28  3:11  Hellion  
  28  3:12  Hellion  
  33  3:18  SCV  
  34  3:21  Starport Tech Lab  
  34  3:28  SCV  
  34  3:30  SCV  
  36  3:36  Hellion, Refinery  
  36  3:38  Hellion  
  40  3:42  Supply Depot  
  40  3:43  SCV  
  40  3:46  SCV  
  42  3:55  Fusion Core, SCV  
  42  4:00  SCV  
  42  4:02  Hellion  
  46  4:04  Hellion  
  46  4:09  SCV, Supply Depot  
  49  4:18  SCV  
  47  4:24  SCV  
  47  4:26  Viking  
  47  4:30  SCV  
  50  4:34  Starport  
  50  4:35  Refinery  
  50  4:38  SCV, Supply Depot  
  50  4:44  Weapon Refit  
  51  4:47  Barracks Tech Lab  
  51  4:50  SCV  
  51  4:52  SCV  
  53  5:02  SCV, Barracks Tech Lab  
  53  5:04  Battlecruiser  
  60  5:09  SCV  
  60  5:14  SCV  
  62  5:17  Supply Depot  
  62  5:22  Supply Depot  
  62  5:23  SCV  
  63  5:28  SCV  
  63  5:34  Battlecruiser  
  70  5:39  SCV, Supply Depot  
  67  5:55  SCV  
  59  5:57  SCV  
  58  6:06  Hellion x2  
  58  6:08  Battlecruiser, SCV  
  58  6:09  SCV  
  58  6:10  Supply Depot  
  70  6:18  Command Center  
  70  6:21  SCV  
  71  6:27  Hellion x2  
  75  6:38  Battlecruiser  
  75  6:39  Marine  
  82  6:50  SCV  
  82  6:52  Hellion x2  
  87  6:58  SCV  
  88  7:02  SCV  
  88  7:03  Supply Depot  
  88  7:07  Starport  
  89  7:13  Battlecruiser  
  89  7:14  Hellion  
  97  7:28  SCV  
  100  7:30  Hellion  
  100  7:35  Hellion  
  100  7:43  Battlecruiser  
  100  7:48  Refinery  
  100  7:49  Refinery  
  100  8:05  Command Center  
  94  8:17  Battlecruiser  
  94  8:23  Orbital Command  
  94  8:24  SCV x2  
  96  8:41  SCV x2  
  98  8:46  Factory x2, Starport Reactor  
  98  8:49  SCV  
  98  8:53  SCV, Supply Depot x2  
  100  9:00  SCV  
  100  9:01  SCV  
  102  9:07  Engineering Bay, SCV  
  103  9:12  SCV  
  103  9:14  SCV  
  105  9:19  SCV  
  105  9:20  Battlecruiser  
  105  9:21  Battlecruiser, Barracks Tech Lab  
  118  9:24  Orbital Command  
  118  9:25  SCV  
  118  9:30  Factory Tech Lab  
  119  9:33  Hellion x2  
  123  9:40  SCV  
  124  9:56  Liberator  
  124  10:03  Siege Tank x2  
  127  10:24  Battlecruiser  
  127  10:35  Siege Tank x2  
  129  10:40  SCV x2  
  129  10:41  Starport  
  129  10:42  Starport, Liberator  
  125  10:44  Refinery  
  125  10:55  Refinery  
  122  11:04  Command Center  
  122  11:07  SCV x2  
  124  11:14  Command Center  
  124  11:16  Command Center  
  124  11:18  SCV, Command Center  
  125  11:22  SCV  
  126  11:26  Starport Tech Lab  
  126  11:27  Starport Tech Lab  
  126  11:30  Armory  
  126  11:31  Armory  
  126  11:36  Battlecruiser  
  126  11:37  Siege Tank, Hellion  
  126  11:38  SCV  
  138  11:47  Viking  
  140  11:59  Hellion  
  142  12:09  Siege Tank  
  139  12:17  SCV  
  139  12:18  SCV x2  
  139  12:20  Hellion  
  144  12:23  Terran Ship Weapons Level 1  
  144  12:24  Terran Vehicle And Ship Armor Level 1  
  144  12:27  Viking x3  
  150  12:33  Planetary Fortress  
  150  12:36  Planetary Fortress  
  150  12:40  Orbital Command  
  150  12:41  Siege Tank, Hellion  
  150  12:43  Planetary Fortress  
  155  12:58  Viking x2  
  155  13:03  Siege Tank  
  162  13:07  SCV x2  
  162  13:08  SCV  
  165  13:13  Hellion  
  165  13:18  SCV  
  168  13:20  Refinery x2  
  168  13:22  Hellion x2  
  168  13:23  Factory  
  172  13:32  Viking x2  
  176  13:35  Siege Tank, Hellion  
  170  13:44  Hellion x2  
  155  13:56  Siege Tank  
  156  14:05  Viking x4, Hellion x2  
  156  14:07  Hellion  
  169  14:17  SCV  
  168  14:26  Hellion  
  168  14:27  Hellion  
  168  14:28  Hellion x2  
  176  14:33  Command Center  
  176  14:40  Command Center  
  176  14:41  Command Center  
  163  14:56  Command Center  
Tags
 
Add a new tag
Caveats
  • Supply blocks, unpowered buildings, or Contaminate may cause inaccurate times.
  • Supply counts are checked every 10 seconds.